cohdb
Replays
Latest Replays
All Replays
Popular Replays
Top Player Replays
Match Explorer
How It Works
Community
CoH3 Stats
Reddit
Sign in to upload your games and track your stats! →
Sign in with Steam
Match 41777777
Unlisted
Match 41777777
Overview
Messages
Build Orders
End
Construct Infanterie Kompanie
Grenadier Squad
MG 42 Machine Gun Team
Selects Mechanized Battlegroup
Grenadier Squad
GrW 34 Mortar Team
Construct Panzergrenadier Kompanie
251 Medium Carrier
Pak 40 Anti-tank Gun Team
Selects Raid Package
Panzergrenadier Squad
Construct Panzer Kompanie
Selects StuG Assault Group
StuG Assault Group
Selects UNKNOWN (2160084)
Selects Mobile Repair Stations
Panther Heavy Tank
Selects Stoßtruppen Assault Package
Stoßtruppen Squad
Stoßtruppen Squad
Selects Zeroing Artillery Barrage
Zeroing Artillery Barrage
Panther Heavy Tank
Foehamm0r
Der Schmürgl0r
Muell0r
Mael Radec
Turamarth
Invicta
Cactusgreymon
Snikkelsaus
0
0
Comments
sign in to comment!
No comments posted yet!